[ AOE2 MATCH · #475854533 ]
UnrankedPortuguese vs Franks
Player's team · WIN
Rival team · LOSS
[ REPLAY ANALYSIS · EXTRACTED FROM THE RECORDED GAME ]
Feudal
10:05
Castle
15:59
Imperial
31:05
| APM avg | 22.8 |
| APM peak | 47 |
| eAPM avg | 13.5 |
| Villagers / military | 97 / 94 |
Focus
⚔️ 30.4% · 🌾 69.6%
Spearman ×44 · Organ Gun ×21 · Archer ×14 · Battering Ram ×5 · Knight ×3 · Trebuchet (Packed) ×3
Feudal
—
Castle
—
Imperial
—
| APM avg | 8.8 |
| APM peak | 17 |
| eAPM avg | 5.4 |
| Villagers / military | 46 / 53 |
Focus
⚔️ 36.0% · 🌾 64.0%
Throwing Axeman ×34 · Archer ×8 · Spearman ×6 · Scout Cavalry ×3 · Knight ×2
Match map
Initial resources + every placement click. Lines = walls · curves = elevation contours. ◆ gold · ⬟ stone · ● berries · ✦ relic · ◌ wall gap
Your base· ✓ Closed at 15:59 · 0t walls · 3 gate(s)
Winner_A_1's base· ✓ Closed at 30:37 · 22t walls · 4 gate(s)
Smoothed initial terrain · ◌ = detected wall gap · hover for details
Inputs per minute
— bluecloud - - Winner_A_1
Build order — bluecloud
First 150 of 327 actions detected
| 0:02 | Create | Villager (Male) |
| 0:02 | Create | Villager (Male) |
| 0:02 | Create | Villager (Male) |
| 0:04 | Build | House |
| 0:06 | Build | House |
| 0:40 | Create | Villager (Male) |
| 1:31 | Create | Villager (Male) |
| 1:56 | Build | Mill |
| 2:15 | Create | Villager (Male) |
| 2:16 | Create | Villager (Male) |
| 2:32 | Create | Villager (Male) |
| 3:03 | Create | Villager (Male) |
| 3:28 | Create | Villager (Male) |
| 3:28 | Create | Villager (Male) |
| 3:28 | Create | Villager (Male) |
| 3:37 | Build | House |
| 3:37 | Build | House |
| 4:16 | Create | Villager (Male) |
| 4:16 | Create | Villager (Male) |
| 4:16 | Create | Villager (Male) |
| 4:33 | Create | Villager (Male) |
| 5:01 | Create | Villager (Male) |
| 5:01 | Create | Villager (Male) |
| 5:27 | Create | Villager (Male) |
| 5:27 | Create | Villager (Male) |
| 5:58 | Create | Villager (Male) |
| 5:59 | Create | Villager (Male) |
| 6:30 | Create | Villager (Male) |
| 6:30 | Create | Villager (Male) |
| 7:00 | Create | Villager (Male) |
| 7:21 | Build | Lumber Camp |
| 7:55 | Research | Feudal Age |
| 8:56 | Build | Lumber Camp |
| 9:12 | Build | Barracks |
| 9:49 | Build | Mining Camp |
| 10:05 | Age | Feudal Age |
| 10:16 | Build | House |
| 10:17 | Build | House |
| 10:53 | Build | Farm |
| 10:53 | Build | Farm |
| 11:12 | Build | Blacksmith |
| 12:11 | Build | Stable |
| 12:16 | Create | Villager (Male) |
| 12:16 | Create | Villager (Male) |
| 12:46 | Build | Farm |
| 13:07 | Build | Archery Range |
| 13:09 | Build | Farm |
| 13:19 | Research | Castle Age |
| 13:32 | Build | Mining Camp |
| 14:02 | Create | Spearman |
| 14:02 | Create | Spearman |
| 14:27 | Build | Farm |
| 14:28 | Build | Farm |
| 15:18 | Build | Farm |
| 15:18 | Build | Farm |
| 15:25 | Build | Farm |
| 15:29 | Create | Villager (Male) |
| 15:30 | Create | Villager (Male) |
| 15:59 | Age | Castle Age |
| 16:14 | Build | Town Center |
| 16:32 | Build | Farm |
| 16:52 | Create | Knight |
| 17:00 | Create | Villager (Male) |
| 17:00 | Create | Villager (Male) |
| 17:02 | Create | Villager (Male) |
| 17:21 | Create | Knight |
| 17:40 | Create | Scout Cavalry |
| 17:55 | Create | Spearman |
| 17:55 | Create | Spearman |
| 18:13 | Create | Skirmisher |
| 18:13 | Create | Skirmisher |
| 18:52 | Create | Archer |
| 18:58 | Create | Villager (Male) |
| 18:58 | Create | Villager (Male) |
| 19:09 | Create | Villager (Male) |
| 19:12 | Research | Loom |
| 19:15 | Create | Villager (Male) |
| 19:19 | Build | House |
| 19:20 | Build | House |
| 19:21 | Build | House |
| 19:23 | Build | House |
| 20:07 | Build | Farm |
| 20:10 | Create | Villager (Male) |
| 20:10 | Create | Villager (Male) |
| 20:11 | Create | Villager (Male) |
| 20:11 | Create | Villager (Male) |
| 20:15 | Build | Farm |
| 20:15 | Build | Farm |
| 20:15 | Build | Farm |
| 20:48 | Build | Monastery |
| 20:52 | Create | Villager (Male) |
| 20:53 | Create | Villager (Male) |
| 20:53 | Create | Villager (Male) |
| 21:00 | Build | House |
| 21:01 | Build | House |
| 21:02 | Build | House |
| 21:04 | Build | House |
| 21:13 | Build | Farm |
| 21:15 | Create | Villager (Male) |
| 21:26 | Build | Lumber Camp |
| 21:30 | Research | Horse Collar |
| 21:38 | Build | Farm |
| 21:42 | Create | Villager (Male) |
| 22:03 | Create | Monk |
| 22:12 | Create | Villager (Male) |
| 22:14 | Create | Villager (Male) |
| 22:14 | Create | Villager (Male) |
| 22:27 | Research | Double-Bit Axe |
| 23:12 | Build | Castle |
| 23:19 | Build | House |
| 23:20 | Build | House |
| 23:23 | Create | Villager (Male) |
| 23:23 | Create | Villager (Male) |
| 23:24 | Create | Villager (Male) |
| 23:24 | Create | Villager (Male) |
| 23:25 | Create | Villager (Male) |
| 23:32 | Build | Farm |
| 23:32 | Build | Farm |
| 23:35 | Build | Farm |
| 23:35 | Build | Farm |
| 23:44 | Build | Mill |
| 23:45 | Build | Farm |
| 23:46 | Build | Farm |
| 23:46 | Build | Farm |
| 23:47 | Build | Farm |
| 24:00 | Create | Villager (Male) |
| 24:00 | Create | Villager (Male) |
| 24:02 | Create | Villager (Male) |
| 24:03 | Create | Villager (Male) |
| 24:11 | Build | Farm |
| 24:42 | Build | Stone Wall |
| 24:51 | Build | Mill |
| 25:07 | Build | Gate |
| 25:21 | Build | Mill |
| 25:50 | Create | Villager (Male) |
| 25:51 | Create | Villager (Male) |
| 25:54 | Create | Villager (Male) |
| 25:55 | Create | Villager (Male) |
| 25:55 | Create | Villager (Male) |
| 25:55 | Create | Villager (Male) |
| 26:02 | Build | Farm |
| 26:03 | Build | Farm |
| 26:03 | Build | Farm |
| 26:03 | Build | Farm |
| 26:11 | Build | Farm |
| 26:11 | Build | Farm |
| 26:11 | Build | Farm |
| 26:13 | Build | Farm |
| 26:23 | Create | Villager (Male) |
| 26:24 | Create | Villager (Male) |
Build order — Winner_A_1
First 150 of 165 actions detected
| 0:16 | Build | House |
| 0:19 | Build | House |
| 0:21 | Build | House |
| 0:25 | Create | Villager (Male) |
| 1:34 | Create | Villager (Male) ×3 |
| 1:57 | Create | Villager (Male) |
| 2:22 | Build | Mill |
| 3:27 | Create | Villager (Male) ×2 |
| 4:38 | Create | Villager (Male) |
| 4:38 | Create | Villager (Male) |
| 5:41 | Build | Lumber Camp |
| 7:44 | Research | Feudal Age |
| 8:17 | Research | Loom |
| 9:55 | Create | Villager (Male) |
| 9:55 | Create | Villager (Male) |
| 10:51 | Build | Mining Camp |
| 11:50 | Build | Mining Camp |
| 11:56 | Create | Villager (Male) |
| 11:56 | Create | Villager (Male) |
| 11:58 | Research | Wheelbarrow |
| 12:32 | Build | Barracks |
| 13:16 | Research | Double-Bit Axe |
| 13:45 | Create | Villager (Male) |
| 13:45 | Create | Villager (Male) |
| 13:46 | Create | Villager (Male) |
| 13:54 | Research | Arson |
| 13:56 | Create | Spearman |
| 13:57 | Create | Spearman |
| 14:30 | Build | Blacksmith |
| 15:42 | Build | House |
| 15:47 | Build | House |
| 15:50 | Build | House |
| 16:17 | Create | Villager (Male) |
| 16:17 | Create | Villager (Male) |
| 16:17 | Create | Villager (Male) |
| 16:18 | Create | Villager (Male) |
| 17:22 | Build | Stone Wall |
| 18:59 | Build | Farm |
| 19:04 | Build | Farm |
| 19:09 | Build | Farm |
| 19:14 | Build | Farm |
| 19:18 | Build | Farm |
| 19:47 | Research | Padded Archer Armor |
| 19:52 | Create | Spearman |
| 19:52 | Create | Spearman |
| 20:28 | Build | Archery Range |
| 20:36 | Build | Farm |
| 20:42 | Create | Spearman |
| 20:43 | Create | Spearman |
| 21:15 | Build | Stable |
| 21:24 | Create | Villager (Male) |
| 21:24 | Create | Villager (Male) |
| 21:42 | Create | Archer |
| 21:42 | Create | Archer |
| 21:42 | Create | Archer |
| 21:43 | Create | Archer |
| 22:05 | Create | Villager (Male) |
| 22:05 | Create | Villager (Male) |
| 22:06 | Create | Villager (Male) |
| 22:37 | Build | Farm |
| 23:11 | Build | Farm |
| 23:26 | Research | Fletching |
| 23:37 | Build | Farm |
| 23:45 | Create | Villager (Male) |
| 23:46 | Create | Villager (Male) |
| 24:17 | Build | Farm |
| 24:43 | Build | Farm |
| 26:01 | Research | Scale Barding Armor |
| 26:06 | Create | Scout Cavalry |
| 26:08 | Create | Scout Cavalry |
| 26:28 | Build | Mining Camp |
| 26:43 | Create | Villager (Male) |
| 26:44 | Create | Villager (Male) |
| 26:45 | Create | Villager (Male) |
| 26:57 | Research | Scale Mail Armor |
| 27:01 | Research | Man-at-Arms (upgrade) |
| 27:16 | Build | Farm |
| 27:35 | Build | House |
| 27:39 | Build | House |
| 27:43 | Build | House |
| 27:51 | Research | Stone Mining |
| 27:54 | Research | Gold Mining |
| 28:04 | Create | Villager (Male) |
| 28:44 | Build | Farm |
| 29:09 | Build | Farm |
| 29:47 | Build | Lumber Camp |
| 29:57 | Build | Farm |
| 30:37 | Research | Castle Age |
| 30:54 | Create | Archer |
| 30:55 | Create | Archer |
| 30:56 | Create | Archer |
| 30:58 | Create | Archer |
| 31:03 | Create | Scout Cavalry |
| 31:35 | Build | Farm |
| 31:56 | Build | Farm |
| 32:43 | Create | Villager (Male) |
| 32:43 | Create | Villager (Male) |
| 32:44 | Create | Villager (Male) |
| 32:52 | Create | Villager (Male) |
| 33:32 | Build | Castle |
| 34:24 | Research | Pikeman (upgrade) |
| 34:26 | Research | Squires |
| 34:27 | Research | Gambesons |
| 34:32 | Research | Crossbowman (upgrade) |
| 35:23 | Build | Castle |
| 35:58 | Research | Hand Cart |
| 36:06 | Research | Husbandry |
| 36:08 | Create | Knight |
| 36:12 | Create | Knight |
| 36:47 | Create | Throwing Axeman |
| 36:47 | Create | Throwing Axeman |
| 36:59 | Create | Villager (Male) |
| 36:59 | Create | Villager (Male) |
| 36:59 | Create | Villager (Male) |
| 37:01 | Create | Villager (Male) |
| 37:47 | Create | Throwing Axeman |
| 37:47 | Create | Throwing Axeman |
| 37:47 | Create | Throwing Axeman |
| 37:48 | Create | Throwing Axeman |
| 38:04 | Create | Villager (Male) |
| 38:04 | Create | Villager (Male) |
| 38:10 | Research | Town Watch |
| 38:35 | Build | Mining Camp |
| 38:41 | Create | Throwing Axeman |
| 38:41 | Create | Throwing Axeman |
| 38:41 | Create | Throwing Axeman |
| 38:42 | Create | Throwing Axeman |
| 38:47 | Create | Throwing Axeman |
| 38:48 | Create | Throwing Axeman |
| 38:58 | Build | Mining Camp |
| 39:03 | Create | Villager (Male) |
| 39:04 | Create | Villager (Male) |
| 39:04 | Create | Villager (Male) |
| 39:04 | Create | Villager (Male) |
| 39:53 | Build | University |
| 40:04 | Create | Throwing Axeman |
| 41:29 | Build | Town Center |
| 41:45 | Create | Throwing Axeman |
| 41:46 | Create | Throwing Axeman |
| 41:46 | Create | Throwing Axeman |
| 41:46 | Create | Throwing Axeman |
| 41:47 | Create | Throwing Axeman |
| 41:47 | Create | Throwing Axeman |
| 41:47 | Create | Throwing Axeman |
| 41:47 | Create | Throwing Axeman |
| 41:48 | Create | Throwing Axeman |
| 43:20 | Create | Throwing Axeman |
| 43:20 | Create | Throwing Axeman |
| 43:21 | Create | Throwing Axeman |
| 43:21 | Create | Throwing Axeman |
Match timeline
| 9:12 | bluecloud · first_building Barracks |
| 10:05 | bluecloud · age_up feudal |
| 12:11 | bluecloud · first_building Stable |
| 12:32 | Winner_A_1 · first_building Barracks |
| 13:07 | bluecloud · first_building Archery Range |
| 15:59 | bluecloud · age_up castle |
| 17:22 | Winner_A_1 · wall_segment Stone Wall x22 |
| 20:28 | Winner_A_1 · first_building Archery Range |
| 20:48 | bluecloud · first_building Monastery |
| 21:15 | Winner_A_1 · first_building Stable |
| 23:12 | bluecloud · first_building Castle |
| 24:42 | bluecloud · wall_segment Stone Wall x10 |
| 27:26 | bluecloud · wall_segment Stone Wall x12 |
| 31:05 | bluecloud · age_up imperial |
| 31:13 | bluecloud · wall_segment Stone Wall x3 |
| 33:29 | bluecloud · first_building Siege Workshop |
| 33:32 | Winner_A_1 · first_building Castle |
| 38:35 | bluecloud · first_market_sell 100 food |
| 47:12 | Winner_A_1 · first_market_sell 100 wood |
| 47:15 | Winner_A_1 · first_market_buy 100 stone |
| 47:36 | Winner_A_1 · resign |
[ AI ANALYSIS · 1 CREDIT ]
What really happened in this match?
Wolo.gg analyzes every decision: build order, eco, micro, common mistakes by bracket. Personalized analysis on WhatsApp or Discord in 30 seconds.
Civ guide
Portuguese
Perfil
Jugador #2152243